 Dungeon Crawl Stone Soup version 0.27.1 (webtiles) character file.

Game seed: 10692927852278510558

20387 pkoi the Brawler (level 12, -23/119 HPs)
             Began as a Troll Monk on Aug 26, 2021.
             Was a High Priest of Dithmenos.
             Annihilated by an orc knight (25 damage)
             ... on level 2 of the Orcish Mines.
             The game lasted 00:18:11 (11092 turns).

pkoi the Brawler (Troll Monk)                      Turns: 11092, Time: 00:18:12

Health: -23/119    AC:  8    Str: 30    XL:     12   Next: 44%
Magic:  11/11      EV: 16    Int:  6    God:    Dithmenos [*****.]
Gold:   2275       SH:  5    Dex: 12    Spells: 11/11 levels left

rFire    + . .     SeeInvis .     - Unarmed
rCold    . . .     Faith    .   (no shield)
rNeg     . . .     Spirit   .   q - +1 robe {rF+}
rPois    +         Reflect  +   (helmet restricted)
rElec    +         Harm     .   t - +2 cloak {Stlth+}
rCorr    .         Rampage  .   (gloves unavailable)
Will     .....                  (boots unavailable)
Stlth    ++++......             u - amulet of reflection
HPRegen  1.29/turn              w - ring "Booler" {rElec rPois EV+4 Str-2}
MPRegen  0.12/turn              v - +6 ring of strength

@: about to teleport, wreathed by umbra
A: large, unfitting armour, claws 3, regeneration 1, shaggy fur 1, tough skin 1
a: Renounce Religion, Shadow Step, Shadow Form


You were on level 2 of the Orcish Mines.
You worshipped Dithmenos.
Dithmenos was extremely pleased with you.
You visited 4 branches of the dungeon, and saw 16 of its levels.

You collected 2275 gold pieces.

Inventory:

Missiles
 i - 24 boomerangs
 j - 110 poisoned darts (quivered)
 k - 3 throwing nets
 A - 5 large rocks
Armour
 c - a +0 troll leather armour
 q - a +1 robe of fire resistance (worn)
 t - a +2 cloak of stealth (worn)
Jewellery
 d - a ring of ice
 h - a ring of flight
 u - an amulet of reflection (around neck)
 v - a +6 ring of strength (right claw)
 w - the ring "Booler" (left claw) {rElec rPois EV+4 Str-2}
   (You found it on level 6 of the Dungeon)

   [ring of evasion]

   EV:        It affects your evasion (+4).
   Str:       It affects your strength (-2).
   rElec:     It insulates you from electricity.
   rPois:     It protects you from poison.
Wands
 m - a wand of polymorph (8)
 o - a wand of flame (24)
 x - a wand of charming (10)
Scrolls
 b - 2 scrolls of immolation
 l - 5 scrolls of teleportation
 y - 2 scrolls of fog
Potions
 a - 2 potions of attraction
 e - 3 potions of flight
 f - a potion of lignification
 g - 3 potions of haste
 n - a potion of magic {unknown}
 p - a potion of curing
 r - a potion of brilliance
 s - 2 potions of might
 z - a potion of cancellation


   Skills:
 + Level 7.9 Fighting
 + Level 7.9 Dodging
 - Level 1.0 Stealth
 * Level 15.4 Unarmed Combat
 + Level 3.9 Evocations


You had 11 spell levels left.
You didn't know any spells.
Your spell library contained the following spells:

 Spells                   Type           Power      Damage    Failure   Level
 Magic Dart               Conj           0%         1d3       45%         1
 Sandblast                Erth           0%         2d4       45%         1
 Sting                    Tmut/Pois      0%         1d3       45%         1
 Call Imp                 Summ           0%         N/A       58%         2
 Passwall                 Tmut/Erth      0%         N/A       58%         2
 Poisonous Vapours        Pois/Air       0%         N/A       58%         2
 Sublimation of Blood     Necr           0%         N/A       58%         2
 Dazzling Flash           Conj/Hex       0%         N/A       83%         3
 Inner Flame              Hex/Fire       0%         N/A       83%         3
 Mephitic Cloud           Conj/Pois/Air  0%         N/A       83%         3
 Ozocubu's Armour         Ice            0%         N/A       83%         3
 Swiftness                Air            0%         N/A       83%         3
 Cause Fear               Hex            0%         N/A       99%         4
 Iskenderun's Mystic Bla  Conj/Tloc      0%         2d3       99%         4
 Olgreb's Toxic Radiance  Pois           0%         N/A       99%         4
 Petrify                  Tmut/Erth      0%         N/A       99%         4
 Irradiate                Conj/Tmut      0%         3d14      100%        5
 Lee's Rapid Deconstruct  Erth           0%         3d5*      100%        5
 Invisibility             Hex            0%         N/A       100%        6
 Starburst                Conj/Fire      0%         6d3       100%        6
 Ozocubu's Refrigeration  Ice            0%         4d5       100%        7
 Discord                  Hex            0%         N/A       100%        8


Dungeon Overview and Level Annotations

Branches:
Dungeon (12/15)            Temple (1/1) D:6            Lair (1/6) D:11
    Orc (2/2) D:11            Elf (0/3) Orc:2

Altars:
Ashenzari
Cheibriados
Dithmenos
Elyvilon
Fedhas
Gozag
Kikubaaqudgha
Makhleb
Nemelex Xobeh
Okawaru
Qazlal
Ru
Sif Muna
Trog
Uskayaw
Vehumet
Wu Jian
Xom
Yredelemnul
Zin
The Shining One

Shops:
D:9 *

Portals:
Trove: D:10 (give +4 ice dragon scales)

Annotations:
D:5 Grinder


Innate Abilities, Weirdness & Mutations

You are too large for most types of armour.
You have claws for hands.
Your natural rate of healing is unusually fast.
You are covered in fur. (AC +1)
You have tough skin. (AC +1)


Message History

The sun demon hits you but does no damage.
You claw the orc!
You kill the orc!
Dithmenos accepts your kill.
The orc knight roars a battlecry!
The orc priests go into a battle-frenzy!
An orc comes into view. It is wielding a +0 hand axe.
The orc priest calls down the wrath of Beogh upon you.
Beogh smites you!
The orc shouts!
You hear a shout!
The red devil hops backward while attacking.
The red devil barely misses you.
The orc knight roars a battlecry!
The orc priest goes into a battle-frenzy!
The sun demon hits you!!
* * * LOW HITPOINT WARNING * * *
You are engulfed in flames.
You resist.
* * * LOW HITPOINT WARNING * * *
The red devil hits you from afar with a +0 trident!
* * * LOW HITPOINT WARNING * * *
An orc warrior comes into view. It is wielding a +0 battleaxe.
An orc warrior comes into view. It is wielding a +0 halberd.
The orc high priest mumbles some strange prayers to Beogh against you.
Beogh smites you!
* * * LOW HITPOINT WARNING * * *
The orc high priest prays to Beogh.
The orc warrior closely misses you.
The orc priest mumbles some strange prayers to Beogh against you.
Beogh smites you!
* * * LOW HITPOINT WARNING * * *
The orc priest mumbles some strange prayers to Beogh against you.
Beogh smites you!
* * * LOW HITPOINT WARNING * * *
The orc knight completely misses you.
As you read the scroll of teleportation, it crumbles to dust.
You feel strangely unstable. The orc warrior barely misses you.
The sun demon barely misses you.
The orc knight hits you from afar with a +3 bardiche!!
You die...

##.#.#...o#.##........
#........#)43#......$
##.).....##.#.o.....#
#.).#....####4.#...#
#...#....##.#......#.
##.##...##..o#o....#
#####.4o.)ยง#ooo....##
##.##oo##..#...#..
####.##...3@o.......<##
##.#...#............#.#.##
#......#.................#
##............#...........##
#....##.#.............#....#
##...#.....................#
##.##.....................#
####................#..#.#
##................#.#..####


You could see an orc knight, an orc high priest, a sun demon (summoned), an
orange demon (summoned), a red devil (summoned), 2 orc warriors, 3 orc priests
and 3 orcs.

Vanquished Creatures
  4 two-headed ogres
  A death yak (Lair:1)
  An orc high priest (Orc:2)
  2 orc knights
  A deep elf pyromancer (D:12)
  A phantasmal warrior (D:11)
  An orc sorcerer (Orc:1)
  2 cyclopes
  A manticore (D:8)
  A black mamba (Lair:1)
  5 kobold demonologists
  A cane toad (Lair:1)
  A komodo dragon (D:11)
  3 trolls
  A meliai zombie (D:11)
  3 slime creatures (D:11)
  Sigmund (D:3)
  3 shadows
  A vampire (D:9)
  6 wraiths
  A yak (D:6)
  A vampire mosquito (D:6)
  A steam dragon (D:10)
  A warg (D:11)
  4 water moccasins
  2 ice beasts
  19 orc warriors
  5 ogres
  A sky beast (D:7)
  2 necrophages
  3 centaurs
  6 kobold brigands
  Blork the orc (D:6)
  5 bullfrogs
  2 gnoll sergeants
  2 scorpions
  8 wights
  11 killer bees
  7 howler monkeys
  A bullfrog zombie (D:7)
  4 hounds
  2 jellies
  16 orc priests
  2 centaur skeletons
  5 centaur zombies
  A gnoll shaman (D:7)
  2 iguanas
  24 orc wizards
  2 hound zombies (D:5)
  2 howler monkey zombies (D:9)
  19 gnolls
  10 adders
  A howler monkey skeleton (D:6)
  A white imp (D:7)
  An ufetubus (D:5)
  6 worms
  78 orcs
  7 ball pythons
  4 endoplasms
  A giant cockroach (D:3)
  7 goblins
  7 hobgoblins
  3 quokkas
  7 bats
  3 frilled lizards
  32 kobolds
  3 rats
373 creatures vanquished.

Vanquished Creatures (others)
  A kobold (D:8)
  A plant (D:11)
2 creatures vanquished.

Grand Total: 375 creatures vanquished

Notes
Turn   | Place    | Note
-------+----------+-------------------------------------------
     0 | D:1      | pkoi the Troll Monk began the quest for the Orb.
     0 | D:1      | Reached XP level 1. HP: 22/22 MP: 0/0
   114 | D:1      | Reached XP level 2. HP: 10/29 MP: 1/1
   339 | D:1      | Reached skill level 4 in Unarmed Combat
   518 | D:1      | Reached XP level 3. HP: 36/36 MP: 2/2
  1029 | D:2      | Found a stormy altar of Qazlal.
  1177 | D:2      | Reached skill level 5 in Unarmed Combat
  1177 | D:2      | Reached XP level 4. HP: 39/44 MP: 3/3
  1529 | D:2      | Reached XP level 5. HP: 46/50 MP: 4/4
  1786 | D:3      | Reached skill level 6 in Unarmed Combat
  1851 | D:3      | Found a faded altar of an unknown god.
  1938 | D:3      | Found a glowing silver altar of Zin.
  1974 | D:3      | Noticed Sigmund
  1990 | D:3      | Killed Sigmund
  1991 | D:3      | Reached skill level 7 in Unarmed Combat
  1991 | D:3      | Reached XP level 6. HP: 29/59 MP: 5/5
  3147 | D:5      | Entered Level 5 of the Dungeon
  3148 | D:5      | Identified 2 scrolls of acquirement
  3148 | D:5      | Acquired a +1 cloak of stealth
  3155 | D:5      | Acquired 770 gold pieces
  3195 | D:5      | Reached skill level 8 in Unarmed Combat
  3204 | D:5      | Reached XP level 7. HP: 64/66 MP: 6/6
  3324 | D:5      | Found a sparkling altar of Nemelex Xobeh.
  3465 | D:5      | Found a blossoming altar of Fedhas.
  3819 | D:5      | Reached skill level 9 in Unarmed Combat
  4089 | D:5      | Noticed Grinder
  4102 | D:5      | Paralysed by Grinder for 5 turns
  4438 | D:6      | Found an opulent altar of Gozag.
  4577 | D:6      | Reached XP level 8. HP: 64/74 MP: 7/7
  4611 | D:6      | Reached skill level 10 in Unarmed Combat
  4663 | D:6      | Found a shimmering altar of Xom.
  4879 | D:6      | Noticed Blork the orc
  4885 | D:6      | Killed Blork the orc
  4974 | D:6      | Found a staircase to the Ecumenical Temple.
  5091 | Temple   | Entered the Ecumenical Temple
  5228 | D:6      | Reached skill level 11 in Unarmed Combat
  5244 | D:6      | Reached XP level 9. HP: 83/83 MP: 8/8
  5278 | D:6      | Identified the ring "Booler" {rElec rPois EV+4 Str-2}
  5707 | D:7      | Noticed a kobold demonologist
  5713 | D:7      | Noticed a kobold demonologist
  5716 | D:7      | Noticed a kobold demonologist
  5722 | D:7      | Noticed a rust devil
  5723 | D:7      | Killed a kobold demonologist
  5724 | D:7      | Reached skill level 12 in Unarmed Combat
  5731 | D:7      | Killed a kobold demonologist
  5737 | D:7      | Killed a kobold demonologist
  5924 | D:7      | Found a bloodstained altar of Trog.
  5949 | D:7      | Found a shadowy altar of Dithmenos.
  5956 | D:7      | Became a worshipper of Dithmenos the Shadowed
  5956 | D:7      | Reached * piety under Dithmenos
  5956 | D:7      | Reached ** piety under Dithmenos
  6047 | D:7      | Reached skill level 5 in Dodging
  6047 | D:7      | Reached XP level 10. HP: 94/94 MP: 9/9
  6545 | D:8      | Found a basalt altar of Yredelemnul.
  6586 | D:8      | Reached skill level 5 in Fighting
  6673 | D:8      | Found a shimmering blue altar of Sif Muna.
  6676 | D:8      | Found a snail-covered altar of Cheibriados.
  6853 | D:8      | Noticed a manticore
  6862 | D:8      | Killed a manticore
  7058 | D:8      | Identified the +3 spear of Ghostly Subterfuge {vorpal,
                  | *Noise rCorr Int+3}
  7099 | D:8      | Found a glowing golden altar of the Shining One.
  7299 | D:9      | Found Voh Piri's Assorted Antiques.
  7334 | D:9      | Reached skill level 13 in Unarmed Combat
  7893 | D:10     | Entered Level 10 of the Dungeon
  7955 | D:10     | Reached *** piety under Dithmenos
  8017 | D:10     | Found a portal to a secret trove of treasure.
  8685 | D:11     | Noticed a two-headed ogre
  8690 | D:11     | Killed a two-headed ogre
  8691 | D:11     | Reached XP level 11. HP: 106/106 MP: 10/10
  8870 | D:11     | Found a staircase to the Orcish Mines.
  8915 | D:11     | Reached skill level 14 in Unarmed Combat
  8915 | D:11     | Reached skill level 1 in Evocations
  9104 | D:11     | Noticed a two-headed ogre
  9137 | D:11     | Killed a two-headed ogre
  9279 | D:11     | Found a staircase to the Lair.
  9714 | D:12     | Noticed a two-headed ogre
  9715 | D:12     | Noticed a phantasmal warrior
  9720 | D:12     | Noticed a death knight
  9743 | D:11     | Killed a phantasmal warrior
  9743 | D:11     | Reached **** piety under Dithmenos
  9852 | D:12     | Noticed a deep elf pyromancer
  9860 | D:12     | Killed a deep elf pyromancer
  9893 | D:12     | Noticed a deep elf pyromancer
 10027 | Lair:1   | Entered Level 1 of the Lair of Beasts
 10041 | Lair:1   | Noticed a death yak
 10042 | Lair:1   | Noticed a death yak
 10044 | Lair:1   | Noticed a death yak
 10050 | Lair:1   | Killed a death yak
 10113 | Orc:1    | Entered Level 1 of the Orcish Mines
 10142 | Orc:1    | Noticed a two-headed ogre
 10154 | Orc:1    | Killed a two-headed ogre
 10211 | Orc:1    | Reached XP level 12. HP: 98/118 MP: 11/11
 10538 | Orc:2    | Entered Level 2 of the Orcish Mines
 10538 | Orc:2    | Noticed a two-headed ogre
 10541 | Orc:2    | Killed a two-headed ogre
 10542 | Orc:2    | Reached skill level 15 in Unarmed Combat
 10799 | Orc:2    | Reached ***** piety under Dithmenos
 10924 | Orc:2    | Found a staircase to the Elven Halls.
 11027 | Orc:2    | Noticed an orc high priest
 11035 | Orc:2    | Killed an orc high priest
 11055 | Orc:2    | Noticed an orc high priest
 11091 | Orc:2    | HP: 1/119 [orc priest/divine providence (9)]
 11092 | Orc:2    | Annihilated by an orc knight

Illustrated notes

Levels and vault maps discovered:
D:1:      elethiomel_arrival_maze, layout_basic, minmay_hexomino_p4
D:2:      layout_basic, basic_altar, hangedman_abyss_or_decor_stabs,
          kennysheep_pointless_box
D:3:      layout_loops_ring, zin_treasury,
          chequers_ecumenical_altar_simple_redux, uniq_sigmund
D:4:      layout_cave_pods
D:5:      layout_basic, fedhas_altar_fruit_tree,
          nemelex_xobeh_ov_fountains_minmay, serial_co_window_serial,
          co_window_paths_a, co_window_paths_a, co_window_of_opportunity_a,
          co_window_corner_a, co_window_paths_a, co_window_paths_b,
          co_window_of_opportunity_a, co_window_corner_a,
          co_window_of_opportunity_a, co_window_corner_ca, co_window_broadway_c,
          co_window_of_opportunity_c, co_window_unsneaky_path_b,
          co_window_of_opportunity_b, co_window_broadway_b,
          co_window_of_opportunity_b, co_window_paths_e, glass_columns_b,
          glass_columns_c, glass_columns_c, glass_columns_c, uniq_grinder
D:6:      minmay_clustersquares, layout_loops_ring, grunt_gozag_breadcrumbs,
          amcnicky_altar_gilded, temple_hall, uniq_blork_the_orc
D:7:      layout_cave_pods, trog_three_pillars_becter,
          nicolae_overflow_crystal_walls, kennysheep_generic_room_5
D:8:      layout_basic, general_overflow_altar, nicolae_overflow_hidden_temple
D:9:      layout_roguey, serial_shops, shop
D:10:     layout_basic, nicolae_trove_entry_free_sample,
          hangedman_abyss_or_decor_stagger
D:11:     layout_stronghold, david_lair_shrubbed, erik_orc_3
D:12:     layout_cave_pools
Temple:   eino_wide_crystal_templ
Lair:1:   gammafunk_worm_tunnel, layout_gridlike, st_stairs_6
Orc:1:    nicolae_orc_accident_1, layout_diamond_mine, serial_shops, shop_statue
Orc:2:    st_orc_pillars, layout_caves

Skill      XL: |  1  2  3  4  5  6  7  8  9 10 11 12 |
---------------+-------------------------------------+-----
Unarmed Combat | 4 5 7 8 9 11 12 13 14 15 | 15.4
Fighting       | 3 4 6 7 |  7.9
Dodging        | 3 5 6 7 |  7.9
Evocations     | 3 |  3.9
Stealth        | |  1.0

Action                   |  1- 3 |  4- 6 |  7- 9 | 10-12 || total
-------------------------+-------+-------+-------+-------++-------
Melee: Unarmed           |    84 |   178 |   251 |   494 ||  1007
       Punch             |     1 |     3 |    12 |    45 ||    61
Throw: Boomerang         |       |       |     1 |       ||     1
       Dart              |       |       |       |     1 ||     1
Evoke: Wand              |       |       |       |     1 ||     1
  Use: Scroll            |       |    12 |     1 |    10 ||    23
       Potion            |       |       |       |     1 ||     1
 Stab: Distracted        |     1 |       |     1 |     2 ||     4
       Sleeping          |       |     1 |     3 |     9 ||    13
Armor: Robe              |    24 |    56 |    91 |    72 ||   243
Dodge: Dodged            |    28 |   112 |   173 |   334 ||   647
Block: Other             |       |       |       |    99 ||    99
       Reflection        |       |       |       |     5 ||     5
